 Dungeon Crawl Stone Soup version 0.20.1-1-g8b1a95d (webtiles) character file.

70 dohliylev the Sneak (level 4, -2/31 HPs)
             Began as a Vampire Enchanter on July 9, 2017.
             Slain by a river rat (5 damage)
             ... on level 3 of the Dungeon.
             The game lasted 00:08:04 (1582 turns).

dohliylev the Sneak (Vampire Enchanter)             Turns: 1582, Time: 00:08:05

Health: -2/31      AC:  3    Str:  7    XL:     4   Next: 4%
Magic:  2/7        EV: 13    Int: 17    God:
Gold:   12         SH:  0    Dex: 15    Spells: 4/7 levels left

rFire    . . .     SeeInvis +   a - +1 dagger
rCold    + . .     Gourm    .   (no shield)
rNeg     + + .     Faith    .   b - +0 robe
rPois    +         Spirit   .   (no helmet)
rElec    .         Reflect  .   (no cloak)
rCorr    .         Harm     .   f - +0 pair of gloves
MR       .....                  (no boots)
Stlth    ++++......             (no amulet)
Regen    0.1/turn               (no ring)
MPRegen  0.1/turn               (no ring)

@: regenerating slowly
A: fangs 3, see invisible, unbreathing
a: Bat Form


You were on level 3 of the Dungeon.
You were thirsty.

You visited 1 branch of the dungeon, and saw 3 of its levels.

You collected 12 gold pieces.

Inventory:

Hand Weapons
 a - a +1 dagger (weapon)
Missiles
 l - 31 poisoned needles
Armour
 b - a +0 robe (worn)
 f - a +0 pair of gloves (worn)
 m - a +0 pair of boots
Scrolls
 e - a scroll of random uselessness {unknown}
 h - a scroll of teleportation {unknown}
 j - a scroll of enchant weapon {unknown}
 k - a scroll of amnesia {unknown}
 n - a scroll of identify {unknown}
Potions
 d - 14 potions of blood
 i - a potion of resistance {unknown}
Books
 c - a book of Maledictions

   Spells                             Type                      Level
   a - Corona                         Hexes                        1
   b - Ensorcelled Hibernation        Hexes/Ice                    2
   c - Confuse                        Hexes                        3
   d - Tukima's Dance                 Hexes                        3
   e - Dazzling Spray                 Conjuration/Hexes            3


   Skills:
 + Level 0.3 Fighting
 + Level 1.7 Short Blades
 + Level 2.8 Dodging
 * Level 5.9 Stealth
 + Level 2.1 Spellcasting
 + Level 5.0 Hexes


You had 4 spell levels left.
You knew the following spells:

 Your Spells              Type           Power        Failure   Level  Hunger
a - Corona                Hex            ###....      2%          1    #......
b - Ensorcelled Hibernat  Hex/Ice        ##....       11%         2    ###....


Dungeon Overview and Level Annotations

Branches:
Dungeon (3/15)

Altars:
Hepliaklqana
Vehumet

Portals:
Sewer: D:3

Annotations:
D:3 Wilfredo's ghost, weakling TrFi


Innate Abilities, Weirdness & Mutations

You heal slowly.
You have razor-sharp teeth.
You have supernaturally acute eyesight. (SInv)
You can survive without breathing.


Message History

You are feeling thirsty.
The river rat bites you but does no damage.
You completely miss the river rat.
The river rat is heavily wounded.
The river rat barely misses you.
You hit the river rat but do no damage.
The river rat is heavily wounded.
The river rat bites you.
You hit the river rat but do no damage.
The river rat is heavily wounded.
The river rat bites you.
You hit the river rat but do no damage.
You bite the river rat, but do no damage.
The river rat is moderately wounded.
The river rat bites you!
* * * LOW HITPOINT WARNING * * *
You closely miss the river rat.
The river rat is moderately wounded.
The river rat bites you.
You die...

######.# #.# #.# #S#
#.# #r# #.# #s# #.#
#.# #.# #g# #.# #.#
#.################.#
#..........@rgsrS..#
####################


You could see 2 river rats, a giant cockroach, a goblin and a ball python.

Vanquished Creatures
  2 adders
  A worm (D:2)
  A dart slug (D:1)
  3 leopard geckos
  2 ball pythons
  2 bats
  4 giant cockroaches (D:2)
  4 goblins
  5 hobgoblins
  3 jackals (D:3)
  6 kobolds
  A quokka (D:2)
  2 frilled lizards
  6 rats
42 creatures vanquished.

Notes
Turn   | Place    | Note
-------+----------+-------------------------------------------
     0 | D:1      | dohliylev the Vampire Enchanter began the quest for the Orb.
     0 | D:1      | Reached XP level 1. HP: 13/13 MP: 3/3
   147 | D:1      | Reached XP level 2. HP: 15/19 MP: 5/5
   520 | D:2      | Found a hazy altar of Hepliaklqana.
   532 | D:2      | Reached skill level 5 in Stealth
   599 | D:2      | Reached XP level 3. HP: 23/24 MP: 6/6
   611 | D:2      | Reached skill level 5 in Hexes
   975 | D:2      | Learned a level 2 spell: Ensorcelled Hibernation
  1380 | D:3      | Noticed Wilfredo's ghost (weakling TrFi)
  1394 | D:3      | Found a radiant altar of Vehumet.
  1435 | D:3      | Reached XP level 4. HP: 13/31 MP: 4/7
  1535 | D:3      | Found a glowing drain.
  1582 | D:3      | Slain by a river rat

Skill      XL: |  1  2  3 |
---------------+----------+-----
Stealth        | 5 |  5.9
Hexes          | 5 |  5.0
Fighting       | |  0.3
Short Blades   | |  1.7
Dodging        | |  2.8
Spellcasting   | |  2.1

Action                   |  1- 3 |  4- 6 || total
-------------------------+-------+-------++-------
Melee: Dagger            |   135 |    19 ||   154
       Bite              |    13 |     5 ||    18
 Cast: Ensorcelled Hiber |     2 |     5 ||     7
 Abil: End Transformatio |     4 |       ||     4
       Bat Form          |     4 |       ||     4
  Use: Potion            |       |     2 ||     2
 Stab: Sleeping          |     9 |     1 ||    10
Armor: Robe              |    40 |     2 ||    42
Dodge: Dodged            |   151 |    10 ||   161
